cohdb
Replays
Latest Replays
All Replays
Popular Replays
Top Player Replays
Match Explorer
How It Works
Community
CoH3 Stats
Reddit
Sign in to upload your games and track your stats! →
Sign in with Steam
Match 43688578
Unlisted
Match 43688578
Overview
Messages
Build Orders
End
Selects Special Operations Battlegroup
Selects M29 Weasel Recon Vehicle
M29 Weasel Recon Vehicle
Construct Barracks
Riflemen Squad
Riflemen Squad
Engineer Squad
M1 Mortar Team
Grenade Package
Mechanized Support Center
Selects Raiding Flares
Selects SSF Commando Squad
Construct Motor Pool
M16 Multiple Gun Motor Carriage
Construct Tank Depot
M1918 Browning Automatic Rifles
M4A1 Sherman Medium Tank
Designate Forward Repair Station
M4A1 Sherman Medium Tank
Bran
DrewP
Dillbro
Onedaim
[<<Arn-_,,..>
Sgt.Nipslip
0
0
Comments
sign in to comment!
No comments posted yet!